 Dungeon Crawl Stone Soup version 0.21-a0-156-g77413b7 (webtiles) character file.

161 Memingway the Ruffian (level 5, -1/53 HPs)
             Began as a Troll Fighter on Aug 3, 2017.
             Succumbed to a gnoll sergeant's poison
             ... on level 3 of the Dungeon.
             The game lasted 00:09:13 (2187 turns).

Memingway the Ruffian (Troll Fighter)               Turns: 2187, Time: 00:09:13

Health: -1/53      AC:  5    Str: 21 (24) XL:     5   Next: 19%
Magic:  4/4        EV:  8    Int:  2 (4)  God:
Gold:   121        SH:  8    Dex:  9 (10) Spells: 4/4 levels left

rFire    . . .     SeeInvis .     - Unarmed
rCold    . . .     Gourm    +   b - +0 shield
rNeg     . . .     Faith    .   a - +0 robe
rPois    .         Spirit   .   (helmet restricted)
rElec    .         Reflect  .   (no cloak)
rCorr    .         Harm     .   (gloves unavailable)
MR       .....                  (boots unavailable)
Stlth    +.........             (no amulet)
HPRegen  0.57/turn              (no ring)
MPRegen  0.09/turn              (no ring)

@: lethally poisoned (-1 -> -12)
A: unfitting armour, claws 3, fast metabolism 3, gourmand, regeneration 1,
shaggy fur 1, tough skin 2
a: no special abilities


You were on level 3 of the Dungeon.
You were completely stuffed.

You visited 1 branch of the dungeon, and saw 4 of its levels.

You collected 121 gold pieces.

Inventory:

Missiles
 q - 20 poisoned needles
Armour
 a - a +0 robe (worn)
 b - a +0 shield (worn)
Jewellery
 e - a +3 amulet of reflection {unknown}
 m - a cursed -4 ring of dexterity {unknown}
Scrolls
 g - a scroll of remove curse {unknown}
 i - 8 scrolls of identify {unknown}
 j - a scroll of noise {unknown}
 n - a scroll of immolation {unknown}
Potions
 c - a potion of might
 l - a potion of brilliance {unknown}
 p - a potion of mutation {unknown}
 r - a potion of curing {unknown}
Comestibles
 d - 2 bread rations
 f - 2 royal jellies
 k - 3 fruits
 o - 4 chunks of flesh


   Skills:
 + Level 3.3 Fighting
 - Level 2.4 Dodging
 + Level 3.3 Shields
 * Level 3.7 Unarmed Combat


You had 4 spell levels left.
You didn't know any spells.

Dungeon Overview and Level Annotations

Branches:
Dungeon (4/15)
 Temple: D:4-7

Altars:
Nemelex Xobeh
Okawaru
Ru


Innate Abilities, Weirdness & Mutations

You are too large for most types of armour.
You have claws for hands.
Your metabolism is lightning-fast.
You like to eat raw meat.
Your natural rate of healing is unusually fast.
You are covered in fur. (AC +1)
You have very tough skin. (AC +2)


Message History

You feel sick.
The gnoll hits you from afar with a spear!
The gnoll sergeant hits you with a spear of venom!
You are more poisoned.
You scratch the gnoll sergeant but do no damage.
The gnoll sergeant is moderately wounded.
You feel very sick.
The gnoll hits you from afar with a spear!
* * * LOW HITPOINT WARNING * * *
The gnoll sergeant closely misses you.
* * * LOW HITPOINT WARNING * * *
You feel sick.
The gnoll sergeant hits you from afar with a spear of venom!
* * * LOW HITPOINT WARNING * * *
* * * LOW HITPOINT WARNING * * *
You feel very sick.
It was a potion of degeneration.
There was something very wrong with that liquid.
You feel weakened.
You feel dopey.
You feel clumsy.
You die...

##.....#.###.#.####
.............#.#
####.###.#####.#
#.# #.# #.# #.#
#.#####.# #.#
#.......# #.#
######### ####.##
######## ......#
#.g.@..# ####..#
#.####.#
###..#######g## #
##.....g.....g.#
#.....#######..#
......# #..#
#......# #..#
###...## #... ##.##
##..#


You could see a gnoll sergeant.

Vanquished Creatures
  An orc priest (D:3)
  A gnoll (D:3)
  5 adders
  2 worms
  A dart slug (D:1)
  3 leopard geckos (D:2)
  9 orcs (D:3)
  A giant cockroach (D:1)
  9 hobgoblins
  2 jackals (D:3)
  6 kobolds
  A quokka (D:2)
  6 bats
  5 frilled lizards
  5 goblins (D:1)
  9 rats
66 creatures vanquished.

Notes
Turn   | Place    | Note
-------+----------+-------------------------------------------
     0 | D:1      | Memingway the Troll Fighter began the quest for the Orb.
     0 | D:1      | Reached XP level 1. HP: 22/22 MP: 0/0
   187 | D:1      | Reached XP level 2. HP: 29/29 MP: 1/1
   576 | D:1      | Reached XP level 3. HP: 36/36 MP: 2/2
  1042 | D:2      | Found an iron altar of Okawaru.
  1397 | D:2      | Reached XP level 4. HP: 45/45 MP: 3/3
  1536 | D:2      | Found a sparkling altar of Nemelex Xobeh.
  1540 | D:2      | Found a sacrificial altar of Ru.
  2072 | D:3      | Reached XP level 5. HP: 51/53 MP: 4/4
  2186 | D:3      | HP: 1/53 [poisoned by a gnoll sergeant]
  2187 | D:3      | Succumbed to a gnoll sergeant's poison

Vault maps used:
D:1:      minmay_arrival_nine_rooms, chequers_big_river, serial_bayou_pond_b,
          glass_columns_a
D:2:      minitemple, okawaru_gym_becter
D:3:      serial_aquarium, aquarium_bridge_straight, aquarium_window_fake,
          aquarium_window_fake, aquarium_window_corridor_3, aquarium_view_4,
          aquarium_view_2b, aquarium_balcony_double_4, aquarium_pool_2,
          nicolae_underground_beach
D:4:      first_bread, uniq_eustachio

Skill      XL: |  1  2  3 |
---------------+----------+-----
Unarmed Combat | 3 |  3.7
Fighting       | 3 |  3.3
Shields        | 3 |  3.3
Dodging        | |  2.4

Action                   |  1- 3 |  4- 6 || total
-------------------------+-------+-------++-------
Melee: Unarmed           |    88 |    73 ||   161
  Use: Potion            |       |     1 ||     1
 Stab: Distracted        |     1 |       ||     1
  Eat: Chunk             |    17 |     9 ||    26
Armor: Robe              |    38 |    12 ||    50
Dodge: Dodged            |    24 |    14 ||    38
Block: Shield            |    43 |    23 ||    66
